 Dungeon Crawl Stone Soup version 0.20.1-1-g8b1a95d (webtiles) character file.

1424 vatarom the Caller (level 8, -1/64 HPs)
             Began as a Demonspawn Summoner on Oct 11, 2017.
             Was a High Priest of Cheibriados.
             Slain by a wight
             ... wielding a cursed +2 dire flail
              (8 damage)
             ... on level 5 of the Dungeon.
             The game lasted 00:13:28 (6315 turns).

vatarom the Caller (Demonspawn Summoner)            Turns: 6315, Time: 00:13:29

Health: -1/64      AC:  8    Str: 21    XL:     8   Next: 44%
Magic:  13/13      EV: 16    Int: 31    God:    Cheibriados [*****.]
Gold:   361        SH:  4    Dex: 29    Spells: 2/16 levels left

rFire    . . .     SeeInvis .   c - +0 scythe
rCold    . . .     Gourm    .   (shield currently unavailable)
rNeg     . . .     Faith    .   a - +1 robe
rPois    .         Spirit   .   (no helmet)
rElec    .         Reflect  .   (no cloak)
rCorr    .         Harm     .   (no gloves)
MR       .....                  (no boots)
Stlth    +++.......             (no amulet)
Regen    0.2/turn               d - +5 ring of protection
MPRegen  0.2/turn               (no ring)

@: agile, heavily drained, very slow
A: talons 1, large bone plates 1, blink, clever 1, foul stench 1, low mp 1,
powered by pain 1, rot immunity
a: Blink, Bend Time, Temporal Distortion, Slouch, Step From Time, Renounce
Religion


You were on level 5 of the Dungeon.
You worshipped Cheibriados.
Cheibriados was extremely pleased with you.
You were full.

You visited 1 branch of the dungeon, and saw 6 of its levels.

You collected 361 gold pieces.

Inventory:

Hand Weapons
 c - a +0 scythe (weapon)
Armour
 a - a +1 robe (worn)
 e - a +0 ring mail
Jewellery
 d - a +5 ring of protection (left hand)
Wands
 f - a wand of polymorph (24/24)
 j - a wand of iceblast (8/15)
Scrolls
 h - 2 scrolls of identify
 i - 4 scrolls of remove curse
 l - 2 scrolls of enchant armour
 o - a scroll of magic mapping
Potions
 n - a potion of might
 r - a potion of agility
Books
 b - a book of Callings

   Spells                             Type                      Level
   a - Summon Small Mammal            Summoning                    1
   b - Call Imp                       Summoning                    2
   c - Call Canine Familiar           Summoning                    3
   d - Summon Guardian Golem          Hexes/Summoning              3
   e - Summon Lightning Spire         Summoning/Air                4
   f - Summon Ice Beast               Ice/Summoning                4
Comestibles
 g - a meat ration
 k - 4 fruits
 m - 3 royal jellies
 u - a bread ration


   Skills:
 * Level 6.1(4.5) Fighting
 + Level 2.0(0.5) Polearms
 + Level 2.2(0.8) Armour
 - Level 1.7(0.3) Dodging
 - Level 1.7(0.3) Stealth
 + Level 4.5(2.9) Spellcasting
 + Level 7.1(5.4) Summonings
 * Level 0.3(0.0) Invocations


You had 2 spell levels left.
You knew the following spells:

 Your Spells              Type           Power        Failure   Level  Hunger
a - Summon Small Mammal   Summ           ####         1%          1    None
b - Call Imp              Summ           #####...     1%          2    #......
c - Call Canine Familiar  Summ           #####...     2%          3    ##.....
d - Summon Ice Beast      Ice/Summ       ###.....     22%         4    ####...
e - Summon Lightning Spi  Summ/Air       ###.....     22%         4    ####...


Dungeon Overview and Level Annotations

Branches:
Dungeon (6/15)
 Temple: D:4-7

Altars:
Cheibriados
Dithmenos
Elyvilon
Hepliaklqana
Kikubaaqudgha
Makhleb
Nemelex Xobeh
Ru
Trog
Uskayaw
Xom

Annotations:
D:6 Menkaure


Innate Abilities, Weirdness & Mutations

You have sharp toenails.
You are partially covered in large bone plates. (SH +4)
You may emit foul miasma when damaged in melee.
You sometimes gain a little power by taking damage.
You are immune to rotting.
You can translocate small distances at will.
Your mind is acute. (Int +2)
Your magical capacity is low. (-10% MP)


Message History

Okay, then.
Okay, then.
You feel better.
The wight hits you with an enchanted mace.
The wight hits you with an enchanted dire flail.
* * * LOW HITPOINT WARNING * * *
You feel drained.
* * * LOW HITPOINT WARNING * * *
Okay, then.
It was a potion of mutation.
You feel extremely strange.
You feel clever.
You feel less energetic.
You feel jittery. The wight barely misses you.
The wight hits you with an enchanted mace!
* * * LOW HITPOINT WARNING * * *
You feel drained.
* * * LOW HITPOINT WARNING * * *
It was a potion of agility.
You feel agile all of a sudden.
The wight hits you with an enchanted dire flail!
You die...

#####......
##..........
#...########
########...........
#...........#######
#..................
#.........#.....###
#z........#.....###
#z@z............'..
#.........#.....###
#.........#.....#
#...[)....#########
#.[.[..............
#...[....##########
##'####### #......
########.# #)#####
#........# #.# ###


You could see 3 wights.

Vanquished Creatures
  A sky beast (D:5)
  3 ogres
  2 vampire bats (D:3)
  A wight (D:6)
  A howler monkey (D:5)
  A bullfrog zombie (D:5)
  A bullfrog skeleton (D:4)
  5 hounds
  2 orc priests
  4 orc wizards
  A worker ant (D:5)
  7 gnolls (D:3)
  7 adders
  A dart slug (D:3)
  A leopard gecko (D:5)
  9 orcs
  8 bats
  5 bat zombies (D:3)
  2 giant cockroaches
  11 goblins
  21 hobgoblins
  2 jackals
  A quokka (D:4)
  4 ball pythons
  A jackal skeleton (D:5)
  5 kobolds
  A leopard gecko skeleton (D:5)
  5 rats
113 creatures vanquished.

Vanquished Creatures (collateral kills)
  Sigmund (D:2)
  A sky beast (D:5)
  An ogre (D:4)
  4 orc wizards
  An orc priest (D:5)
  An iguana (D:1)
  A worker ant (D:4)
  5 gnolls (D:3)
  A dart slug (D:1)
  2 leopard geckos
  5 orcs
  17 goblins
  11 hobgoblins
  A jackal (D:2)
  A frilled lizard (D:1)
  4 kobolds
  2 rats
59 creatures vanquished.

Vanquished Creatures (others)
  A quokka (D:2)
1 creature vanquished.

Grand Total: 173 creatures vanquished

Notes
Turn   | Place    | Note
-------+----------+-------------------------------------------
     0 | D:1      | vatarom the Demonspawn Summoner began the quest for the Orb.
     0 | D:1      | Reached XP level 1. HP: 13/13 MP: 3/3
   453 | D:1      | Gained mutation: You are immune to rotting. [demonic ancestry]
   453 | D:1      | Reached XP level 2. HP: 20/20 MP: 5/5
   653 | D:1      | Learned a level 2 spell: Call Imp
  1046 | D:1      | Reached skill level 1 in Fighting
  1046 | D:1      | Reached XP level 3. HP: 9/26 MP: 1/6
  1079 | D:1      | Learned a level 3 spell: Call Canine Familiar
  1286 | D:2      | Found a snail-covered altar of Cheibriados.
  1309 | D:2      | Found a hide-covered altar of Uskayaw.
  1342 | D:2      | Became a worshipper of Cheibriados the Contemplative
  1425 | D:2      | Noticed Sigmund
  1437 | D:2      | Found a white marble altar of Elyvilon.
  1467 | D:2      | HP: 1/26 [something (12)]
  1469 | D:2      | Killed Sigmund
  1469 | D:2      | Gained mutation: You may emit foul miasma when damaged in melee. [demonic ancestry]
  1469 | D:2      | Reached XP level 4. HP: 2/33 MP: 6/8
  2638 | D:3      | Reached * piety under Cheibriados
  2652 | D:3      | Reached skill level 5 in Summonings
  2655 | D:3      | Gained mutation: You sometimes gain a little power by taking damage. [demonic ancestry]
  2655 | D:3      | Reached XP level 5. HP: 16/39 MP: 1/9
  3060 | D:3      | Reached ** piety under Cheibriados
  3290 | D:3      | Learned a level 4 spell: Summon Ice Beast
  3335 | D:3      | Found a shimmering altar of Xom.
  3471 | D:3      | Gained mutation: You have sharp toenails. [demonic ancestry]
  3471 | D:3      | Reached XP level 6. HP: 18/48 MP: 6/10
  3692 | D:3      | Reached *** piety under Cheibriados
  3830 | D:3      | Found an ancient bone altar of Kikubaaqudgha.
  4136 | D:4      | Found a sacrificial altar of Ru.
  4230 | D:4      | Reached skill level 6 in Summonings
  4230 | D:4      | Gained mutation: You are partially covered in large bone plates. (SH +4) [demonic ancestry]
  4230 | D:4      | Reached XP level 7. HP: 24/55 MP: 12/12
  4665 | D:4      | Found a sparkling altar of Nemelex Xobeh.
  4706 | D:4      | Reached **** piety under Cheibriados
  4746 | D:4      | Reached skill level 5 in Fighting
  4939 | D:4      | Found a white marble altar of Elyvilon.
  4939 | D:4      | Found a hazy altar of Hepliaklqana.
  4942 | D:4      | Identified the Compendium of Enchantment
  5042 | D:5      | Entered Level 5 of the Dungeon
  5293 | D:5      | Reached skill level 1 in Armour
  5391 | D:5      | Found a shadowy altar of Dithmenos.
  5482 | D:5      | Reached skill level 1 in Polearms
  5482 | D:5      | Reached XP level 8. HP: 48/63 MP: 14/14
  5769 | D:5      | Reached ***** piety under Cheibriados
  5801 | D:5      | Found a bloodstained altar of Trog.
  5972 | D:5      | Reached skill level 7 in Summonings
  5985 | D:5      | Learned a level 4 spell: Summon Lightning Spire
  6055 | D:5      | Found a burning altar of Makhleb.
  6306 | D:6      | Noticed Menkaure
  6314 | D:5      | Gained mutation: Your mind is acute. (Int +2) [potion of mutation]
  6314 | D:5      | Gained mutation: Your magical capacity is low. (-10% MP) [potion of mutation]
  6314 | D:5      | Gained mutation: You can translocate small distances at will. [potion of mutation]
  6315 | D:5      | Slain by a wight

Skill      XL: |  1  2  3  4  5  6  7  8 |
---------------+-------------------------+-----
Fighting       | 1 2 3 4 5 6 |  6.1
Summonings     | 5 6 7 |  7.1
Spellcasting   | 3 4 |  4.5
Armour         | 1 2 |  2.2
Polearms       | 1 2 |  2.0
Dodging        | |  1.7
Stealth        | |  1.7
Invocations    | |  0.3

Action                   |  1- 3 |  4- 6 |  7- 9 || total
-------------------------+-------+-------+-------++-------
Melee: Whip              |    50 |       |       ||    50
       Unarmed           |     2 |       |       ||     2
       Scythe            |       |   181 |   137 ||   318
       Kick              |       |    13 |    54 ||    67
 Cast: Summon Small Mamm |    16 |     2 |       ||    18
       Call Imp          |     2 |     9 |       ||    11
       Call Canine Famil |     4 |    14 |     5 ||    23
       Summon Ice Beast  |       |     4 |     1 ||     5
  Use: Scroll            |     5 |     3 |     5 ||    13
       Potion            |     3 |     2 |     4 ||     9
 Stab: Sleeping          |     1 |     1 |     5 ||     7
       Distracted        |       |     2 |     2 ||     4
       Invisible         |       |     3 |       ||     3
  Eat: Chunk             |     2 |     3 |     2 ||     7
       Bread ration      |       |     2 |       ||     2
       Meat ration       |       |       |     1 ||     1
Armor: Robe              |    22 |   155 |    72 ||   249
Dodge: Dodged            |    41 |   239 |   136 ||   416
Block: Other             |       |       |    40 ||    40
